 Dungeon Crawl Stone Soup version 0.31.0-11-ge490571c62 (webtiles) character file.

Game seed: 11246246922864108867

1640 qw the Skirmisher (level 8, -5/40 HPs)
             Began as a Spriggan Hunter on Feb 4, 2024.
             Was a Follower of Okawaru.
             Slain by an orc warrior
             ... wielding a +0 long sword
              (10 damage)
             ... on level 6 of the Dungeon.
             The game lasted 00:00:20 (4388 turns).

qw the Skirmisher (Spriggan Hunter)                 Turns: 4388, Time: 00:00:20

Health: -5/40      AC:  2    Str: 13    XL:     8   Next: 66%
Magic:  9/9        EV: 24    Int: 11    God:    Okawaru [*.....]
Gold:   316        SH:  0    Dex: 20    Spells: 7/7 levels left

rFire   . . .        j - +0 orcbow
rCold   . . .        (shield currently unavailable)
rNeg    . . .        c - +0 robe
rPois   .            (helmet restricted)
rElec   .            (no cloak)
rCorr   .            (gloves unavailable)
SInv    +            (boots unavailable)
Will    +....        e - amulet of the acrobat
Stlth   ++           n - +6 ring of strength
HPRegen 0.26/turn    (no ring)
MPRegen 0.11/turn

%: acrobat
@: about to teleport, very quick
A: very small, no large weapons, unfitting armour, see invisible, speed 3
a: Renounce Religion, Heroism


You were on level 6 of the Dungeon.
You worshipped Okawaru.
Okawaru was aware of your devotion.
You visited 2 branches of the dungeon, and saw 7 of its levels.

You collected 316 gold pieces.


Innate Abilities, Weirdness & Mutations

You are very small and have problems with some larger weapons.
You are too small for most types of armour.
You have supernaturally acute eyesight. (SInv)
You cover ground extremely quickly. (Speed+++)


   Skills:
 - Level 3.3 Fighting
 - Level 9.2 Ranged Weapons
 + Level 8.8 Dodging
 - Level 1.5 Stealth
 + Level 0.3 Invocations


You had 7 spell levels left.
You didn't know any spells.
Your spell library was empty.

Inventory:

Hand Weapons
 j - a +0 orcbow (weapon)
Armour
 c - a +0 robe (worn)
Jewellery
 e - an amulet of the acrobat (around neck)
 n - a +6 ring of strength (left hand)
Scrolls
 b - a scroll of teleportation
 d - 2 scrolls of identify
Potions
 f - 3 potions of curing
 g - a potion of magic {unknown}
 h - a potion of might {unknown}
 i - a potion of haste {unknown}

Dungeon Overview and Level Annotations

Branches:
Dungeon (6/15)             Temple (1/1) D:4

Altars:
Ashenzari
Cheibriados
Dithmenos
Elyvilon
Fedhas
Kikubaaqudgha
Makhleb
Nemelex Xobeh
Okawaru
Qazlal
Ru
Trog
Uskayaw
Vehumet
Wu Jian
Yredelemnul
The Shining One


Message History

The arrow hits the orc warrior but does no damage.
The orc warrior throws a stone.
The stone completely misses you.
You shoot an arrow.
The arrow hits the orc warrior but does no damage.
You shoot an arrow. The arrow hits the orc warrior.
The orc warrior is lightly wounded.
The orc warrior throws a stone.
The stone closely misses you.
You shoot an arrow.
The arrow barely misses the orc warrior.
The orc warrior misses you.
You shoot an arrow.
The arrow closely misses the orc warrior.
The orc warrior barely misses you.
You shoot an arrow.
The arrow barely misses the orc warrior.
The orc warrior completely misses you.
You shoot an arrow.
The arrow hits the orc warrior but does no damage.
The orc warrior is lightly wounded.
The orc warrior completely misses you.
You shoot an arrow.
The arrow completely misses the orc warrior.
The orc warrior hits you with a +0 long sword.
You shoot an arrow.
The arrow barely misses the orc warrior.
The orc warrior misses you.
You shoot an arrow.
The arrow barely misses the orc warrior.
The orc warrior hits you with a +0 long sword!
You shoot an arrow. The arrow hits the orc warrior!
The orc warrior is heavily wounded.
The orc warrior hits you with a +0 long sword!
You shoot an arrow.
The arrow barely misses the orc warrior.
The orc warrior hits you with a +0 long sword!
4388 ||| READING 2 scrolls of teleportation.
As you read the scroll of teleportation, it crumbles to dust.
You feel strangely unstable.
The orc warrior hits you with a +0 long sword!
You die...

#.# .. #.######.##.#
#............ ######
#.######..#.. .....###>#
###..... .........#
##...# ####.###.###..#.#
#.# #...)%.o.###.# ###
#.# ##.##..@.)?..#
...###.####.######.#...(
..........#.###### ....#
#..###..))......... .#
#[. #.##)#.####### ..
#.. ...##.#.# ..
.......##.#.# .
#..######...# #.. ..#.#


You could see an orc warrior.

Vanquished Creatures
  Edmund (D:4)
  A water moccasin (D:5)
  A sky beast (D:6)
  An orc warrior (D:5)
  3 ogres
  A black bear (D:5)
  A centaur (D:6)
  A phantom (D:4)
  A bullfrog (D:6)
  A killer bee (D:6)
  A howler monkey (D:4)
  A bombardier beetle (D:5)
  A hound (D:5)
  A gnoll bouda (D:5)
  4 iguanas
  3 sleepcaps
  2 orc wizards (D:3)
  5 gnolls (D:5)
  10 adders
  A river rat (D:4)
  An ufetubus (D:6)
  4 dart slugs
  2 ribbon worms
  18 orcs
  7 ball pythons
  5 bats
  3 endoplasms
  3 giant cockroaches (D:4)
  6 goblins
  6 hobgoblins
  8 quokkas
  3 frilled lizards
  5 kobolds
  9 rats
121 creatures vanquished.

Notes
Turn   | Place    | Note
-------+----------+-------------------------------------------
     0 | D:1      | qw the Spriggan Hunter began the quest for the Orb.
     0 | D:1      | Reached XP level 1. HP: 10/10 MP: 2/2
     0 | D:1      | 0 ||| qw: Version: 0.3-a-160-g6735b56
     0 | D:1      | 0 ||| qw: Game counter: 5312
     0 | D:1      | 0 ||| qw: Melee chars always use a shield: true
     0 | D:1      | 0 ||| qw: God list: Okawaru
     0 | D:1      | 0 ||| qw: Allow faded altars: false
     0 | D:1      | 0 ||| qw: Do Orc after clearing Dungeon:15 true
     0 | D:1      | 0 ||| qw: Do second Lair branch before Depths: true
     0 | D:1      | 0 ||| qw: Lair rune preference: random
     0 | D:1      | 0 ||| qw: Goals: Normal
     0 | D:1      | 0 ||| PLANNING D:1-11
    24 | D:1      | Reached skill level 3 in Dodging
   123 | D:1      | Reached XP level 2. HP: 14/14 MP: 3/3
   700 | D:1      | 700 ||| DROPPING ring of magical power.
   701 | D:1      | 701 ||| READING 2 scrolls labelled AMNENK URCHEISI.
   701 | D:1      | 701 ||| IDENTIFYING bubbling white potion
   702 | D:1      | 702 ||| READING scroll of identify.
   702 | D:1      | 702 ||| IDENTIFYING scroll labelled QAHALU VANGIO
   703 | D:1      | 703 ||| READING 3 scrolls labelled JAUSABR SETA.
   704 | D:1      | 704 ||| DROPPING scroll of butterflies.
   705 | D:1      | 705 ||| DROPPING 2 scrolls of immolation.
   706 | D:1      | 706 ||| DROPPING scroll of fog.
   929 | D:2      | Reached XP level 3. HP: 18/18 MP: 4/4
   986 | D:2      | Found an ancient bone altar of Kikubaaqudgha.
  1349 | D:2      | 1349 ||| UPGRADING to amulet of the acrobat.
  1354 | D:2      | 1354 ||| READING scroll of identify.
  1354 | D:2      | 1354 ||| IDENTIFYING scroll labelled ATIFI RAPP
  1355 | D:2      | 1355 ||| READING scroll of brand weapon.
  1355 | D:2      | 1355 ||| BRANDING +0 shortbow.
  1356 | D:2      | 1356 ||| READING 2 scrolls labelled AFILOD SIL.
  1401 | D:3      | 1401 ||| DRINKING 2 potions of curing.
  1401 | D:3      | 1401 ||| (to cure confusion)
  1404 | D:3      | Reached skill level 5 in Ranged Weapons
  1404 | D:3      | Reached XP level 4. HP: 22/22 MP: 5/5
  1407 | D:3      | 1407 ||| FLEEEEING.
  1408 | D:3      | 1408 ||| FLEEEEING.
  1409 | D:3      | 1409 ||| FLEEEEING.
  1410 | D:3      | 1410 ||| FLEEEEING.
  1411 | D:3      | 1411 ||| FLEEEEING.
  1412 | D:3      | 1412 ||| FLEEEEING.
  1413 | D:3      | 1413 ||| FLEEEEING.
  1414 | D:3      | 1414 ||| FLEEEEING.
  1415 | D:3      | 1415 ||| FLEEEEING.
  1416 | D:3      | 1416 ||| FLEEEEING.
  1417 | D:3      | 1417 ||| FLEEEEING.
  1418 | D:3      | 1418 ||| FLEEEEING.
  1420 | D:3      | 1420 ||| STAIRDANCE
  1708 | D:3      | Found a faded altar of an unknown god.
  1767 | D:3      | Found a hide-covered altar of Uskayaw.
  1771 | D:3      | Found a sparkling altar of Nemelex Xobeh.
  1898 | D:3      | 1898 ||| READING 2 scrolls of identify.
  1898 | D:3      | 1898 ||| IDENTIFYING metallic ruby potion
  1899 | D:3      | 1899 ||| DROPPING potion of degeneration.
  1909 | D:4      | 1909 ||| PLANNING SEWER
  1917 | D:4      | Reached XP level 5. HP: 20/26 MP: 6/6
  2215 | D:4      | Reached skill level 6 in Ranged Weapons
  2219 | D:4      | Noticed Edmund
  2237 | D:4      | Killed Edmund
  2238 | D:4      | Reached skill level 6 in Dodging
  2238 | D:4      | Reached XP level 6. HP: 19/30 MP: 7/7
  2282 | D:4      | Found a broken altar of Ashenzari.
  2344 | D:4      | Found a staircase to the Ecumenical Temple.
  2357 | D:4      | Reached XP level 7. HP: 34/35 MP: 8/8
  2624 | D:4      | Found a glowing drain.
  2625 | D:4      | 2625 ||| UPGRADING to +6 ring of strength.
  2626 | D:4      | 2626 ||| READING scroll of identify.
  2626 | D:4      | 2626 ||| IDENTIFYING orange potion
  2627 | D:4      | 2627 ||| READING scroll labelled POUMMO HATELI.
  2628 | D:4      | 2628 ||| READING scroll labelled PENAGU VYSECA.
  2691 | D:4      | 2691 ||| READING 2 scrolls labelled NUORAGH HIUKH.
  2792 | D:4      | 2792 ||| RIP SEWER
  2792 | D:4      | 2792 ||| PLANNING TEMPLE
  2792 | D:4      | 2792 ||| READING scroll labelled FIBYBO MISIWET.
  2793 | D:4      | 2793 ||| READING scroll labelled XUTHRI PISUES.
  2894 | D:4      | 2894 ||| DRINKING 2 white potions.
  2895 | D:4      | 2895 ||| DROPPING potion of brilliance.
  2896 | D:4      | 2896 ||| DROPPING scroll of vulnerability.
  2897 | D:4      | 2897 ||| DROPPING potion of berserk rage.
  2982 | Temple   | Entered the Ecumenical Temple
  2983 | Temple   | 2983 ||| PLANNING D:1-11
  2999 | D:5      | Entered Level 5 of the Dungeon
  3009 | D:5      | Reached skill level 7 in Ranged Weapons
  3254 | D:5      | Found a white marble altar of Elyvilon.
  3279 | D:5      | Reached skill level 8 in Ranged Weapons
  3365 | D:5      | Reached skill level 3 in Fighting
  3365 | D:5      | Reached XP level 8. HP: 39/40 MP: 9/9
  3365 | D:5      | 3365 ||| FLEEEEING.
  3366 | D:5      | 3366 ||| FLEEEEING.
  3368 | D:5      | 3368 ||| FLEEEEING.
  3369 | D:5      | 3369 ||| FLEEEEING.
  3370 | D:5      | 3370 ||| FLEEEEING.
  3371 | D:5      | 3371 ||| FLEEEEING.
  3372 | D:5      | 3372 ||| FLEEEEING.
  3373 | D:5      | 3373 ||| FLEEEEING.
  3373 | D:5      | Found an iron altar of Okawaru.
  3374 | D:5      | 3374 ||| PLANNING OKAWARU WORSHIP
  3374 | D:5      | 3374 ||| FLEEEEING.
  3379 | D:5      | 3379 ||| FLEEEEING.
  3380 | D:5      | 3380 ||| FLEEEEING.
  3381 | D:5      | 3381 ||| FLEEEEING.
  3382 | D:5      | 3382 ||| FLEEEEING.
  3383 | D:5      | 3383 ||| FLEEEEING.
  3384 | D:5      | 3384 ||| FLEEEEING.
  3389 | D:5      | 3389 ||| READING scroll labelled MAEJOQ DUUSO.
  3389 | D:5      | 3389 ||| ENCHANTING +0 shortbow of draining.
  3400 | D:5      | Became a worshipper of Warmaster Okawaru
  3401 | D:5      | 3401 ||| PLANNING D:1-11
  3469 | D:5      | Identified the +0 trident "Tirr" {chaos, Will++}
  3516 | D:5      | Found a burning altar of Makhleb.
  3780 | D:5      | Identified the +1 helmet of Voracious Freedom {+Inv rC-
                  | Regen+}
  3966 | D:5      | 3966 ||| READING scroll labelled TIDWEVVIUM.
  4014 | D:6      | 4014 ||| FLEEEEING.
  4015 | D:6      | 4015 ||| FLEEEEING.
  4016 | D:6      | 4016 ||| FLEEEEING.
  4017 | D:6      | 4017 ||| FLEEEEING.
  4018 | D:6      | 4018 ||| FLEEEEING.
  4019 | D:6      | 4019 ||| FLEEEEING.
  4020 | D:6      | 4020 ||| STAIRDANCE
  4175 | D:6      | 4175 ||| RETREEEEATING.
  4176 | D:6      | 4176 ||| RETREEEEATING.
  4177 | D:6      | 4177 ||| RETREEEEATING.
  4178 | D:6      | 4178 ||| RETREEEEATING.
  4202 | D:6      | HP: 10/40 [centaur/arrow (5)]
  4203 | D:6      | 4203 ||| READING 3 scrolls of teleportation.
  4250 | D:6      | Reached skill level 9 in Ranged Weapons
  4325 | D:6      | 4325 ||| SWAPPING to +0 orcbow.
  4333 | D:6      | Reached * piety under Okawaru
  4358 | D:6      | 4358 ||| DROPPING +1 shortbow of draining.
  4387 | D:6      | HP: 4/40 [orc warrior/+0 long sword (11)]
  4388 | D:6      | 4388 ||| READING 2 scrolls of teleportation.
  4388 | D:6      | Slain by an orc warrior

Levels and vault maps discovered:
D:1:      elethiomel_arrival_quiet, layout_loops_ring
D:2:      layout_loops_cross, basic_altar, serial_park_tiny_2,
          dk_noncrumbling_4, minivault_25, minmay_misc_feat_enclosed
D:3:      layout_rooms, jmf_multi_god_temple2,
          dreamdust_ecumenical_altar_angels_and_demons,
          chequers_serial_rivers_small_3
D:4:      layout_rooms, ashenzari_conservatory_becter, temple_green,
          gup_sewer_entry_spiral, kennysheep_generic_room_10, uniq_edmund
D:5:      nicolae_cairo_tiling_very_big, layout_loops_cross, elyvilon_altar_3,
          lightli_temple_of_fire, mainiacjoe_overflow_boulevard, serial_rivers,
          chequers_serial_rivers_micro_b, chequers_serial_rivers_micro_a,
          chequers_serial_rivers_large_a, chequers_serial_rivers_room_a,
          chequers_serial_rivers_marsh
D:6:      layout_loops_ring, minmay_fractal_squares_5
Temple:   nicolae_temple_ecumenical_triangle

Skill      XL: |  1  2  3  4  5  6  7  8 |
---------------+-------------------------+-----
Dodging        | 3 4 5 6 7 8 |  8.8
Ranged Weapons | 5 6 8 9 |  9.2
Fighting       | 2 3 |  3.3
Stealth        | |  1.5
Invocations    | |  0.3

Action                     |  1- 3 |  4- 6 |  7- 9 || total
---------------------------+-------+-------+-------++-------
   Fire: Shortbow          |    89 |   141 |   141 ||   371
         Orcbow            |       |       |    39 ||    39
    Use: Scroll            |     6 |     1 |    10 ||    17
         Potion            |     1 |       |     1 ||     2
 Armour: Robe              |     7 |    15 |    18 ||    40
  Dodge: Dodged            |    33 |    44 |    81 ||   158

Table legend:
 A = Non-vault XP
 B = Vault XP
 C = Vault XP percentage of total XP
 D = Non-vault monster count
 E = Vault monster count
 F = Vault count percentage of total count
                 A         B        C        D         E       F
            +---------+---------+-------+---------+---------+-------
      Total |    1774 |     570 |  24.3 |     103 |      18 |  14.9
            +---------+---------+-------+---------+---------+-------
        D:1 |      34 |       0 |   0.0 |      19 |       0 |   0.0
        D:2 |      25 |       0 |   0.0 |      14 |       0 |   0.0
        D:3 |     125 |       2 |   1.6 |      17 |       2 |  10.5
        D:4 |     376 |     232 |  38.2 |      20 |       8 |  28.6
        D:5 |     763 |       0 |   0.0 |      25 |       0 |   0.0
        D:6 |     451 |     336 |  42.7 |       8 |       8 |  50.0
            +---------+---------+-------+---------+---------+-------
